 Dungeon Crawl Stone Soup version 0.30-a0-458-g86641cc369 (webtiles) character file.

Game seed: 8734409468015825372

2 flotson the Sneak (level 1, 0/18 HPs)
             Began as a Demonspawn Delver on Dec 14, 2022.
             Slain by a hound (4 damage)
             ... on level 3 of the Dungeon.
             The game lasted 00:01:11 (125 turns).

flotson the Sneak (Demonspawn Delver)                Turns: 125, Time: 00:01:11

Health: 0/18       AC:  4    Str: 12    XL:     1   Next: 33%
Magic:  1/1        EV: 11    Int: 11    God:
Gold:   0          SH:  0    Dex: 14    Spells: 0/0 levels left

rFire   . . .      SeeInvis .    a - +0 hand axe
rCold   . . .      Faith    .    (no shield)
rNeg    . . .      Spirit   .    b - +0 leather armour
rPois   .          Reflect  .    (no helmet)
rElec   .          Harm     .    (no cloak)
rCorr   .          Rampage  .    i - +0 pair of gloves
Will    .....                    (no boots)
Stlth   ++........               (no amulet)
HPRegen 0.23/turn                (no ring)
MPRegen 0.07/turn                (no ring)

@: hasted, very quick
A: no striking features
a: no special abilities


You were on level 3 of the Dungeon.
You visited 1 branch of the dungeon, and saw 4 of its levels.

Inventory:

Hand Weapons
 a - a +0 hand axe (weapon)
Armour
 b - a +0 leather armour (worn)
 i - a +0 pair of gloves (worn)
Wands
 g - a wand of digging (3)
Scrolls
 c - a scroll of fog
 d - a scroll of magic mapping
 e - a scroll of fear
 h - a scroll of identify {unknown}


   Skills:
 + Level 3.0 Fighting
 - Level 1.7 Axes
 + Level 0.1 Armour
 + Level 1.8 Dodging
 + Level 4.5 Stealth
 + Level 0.1 Evocations


You couldn't memorise any spells.
You didn't know any spells.
Your spell library was empty.

Dungeon Overview and Level Annotations

Branches:
Dungeon (6/15)
 Temple: D:4-7

Altars:


Message History

The gnoll bouda barks out a call to the hunt!
The gnolls pick up the pace!
A gnoll comes into view. It is wielding a +0 spear.
There is a stone staircase leading up here.
You climb upwards.
There is a stone staircase leading down here. 2 rats come into view.
A hound comes into view.
The rat bites you.
You closely miss the rat. The rat bites you but does no damage.
You barely miss the rat. The rat closely misses you.
You hit the rat.
You kill the rat!
The hound barks!
You hit the hound but do no damage. The hound bites you but does no damage.
The hound bites you.
You hit the hound.
The hound is moderately wounded.
The hound closely misses you. The hound bites you.
You feel yourself speed up. The hound bites you but does no damage.
You barely miss the hound.
The hound is moderately wounded.
The hound bites you.
You hit the hound but do no damage.
The hound is moderately wounded.
The hound bites you. x2
You hit the hound.
The hound is heavily wounded.
The hound closely misses you.
You closely miss the hound.
The hound is heavily wounded.
The hound bites you.
* * * LOW HITPOINT WARNING * * *
You hit the hound.
The hound is severely wounded.
The hound completely misses you.
You barely miss the hound.
The hound is severely wounded.
The hound bites you but does no damage. The hound bites you.
You die...

.. ... .#.# #.## .#
....####..# r.
#.#.......# # .# .
#......... .##.##.#
#.......# .......
#......†####...# #
#....h@......# ##..
##......##...##....#
.........##.#....##
###......##.>.....#
#..........####....
#.......#### #..
##...#### # ...#


You could see a hound.

Vanquished Creatures
  An orc (D:5)
  A rat (D:3)
2 creatures vanquished.

Notes
Turn   | Place    | Note
-------+----------+-------------------------------------------
     0 | D:5      | flotson the Demonspawn Delver began the quest for the Orb.
     0 | D:5      | Reached XP level 1. HP: 18/18 MP: 1/1
     3 | D:5      | Noticed an orc priest
    30 | D:5      | Noticed an ogre
    92 | D:5      | Noticed a howler monkey
   101 | D:4      | Noticed a gnoll bouda
   109 | D:3      | Noticed a hound
   125 | D:3      | Slain by a hound

Illustrated notes

Levels and vault maps discovered:
D:3:      layout_rooms, mainiacjoe_overflow_alcove_4, lightli_temple_of_fire,
          serial_shops, shop, minmay_misc_feat_four_crosses, uniq_robin,
          uniq_pargi
D:4:      minmay_chambers_of_threes, layout_basic, jmf_multi_god_temple,
          nicolae_ossuary_entry_giza
D:5:      layout_basic, gup_sewer_entry_bubbles
D:6:      layout_basic, fedhas_bush_and_centaur_altar, tgw_kikubaaqudgha

Action                   || total
-------------------------++-------
Melee: Hand axe          ||    15
  Use: Potion            ||     1
Armor: Leather armour    ||     4
Dodge: Dodged            ||     5

Table legend: (Time is in decaauts)
 A = Elapsed time spent in this place.
 B = Non-inter-level travel time spent in this place.
 C = Inter-level travel time spent in this place.
 D = Time resting spent in this place.
 E = Time spent auto-exploring this place.
 F = Levels seen in this place.
 G = Mean time per level.
                   A        B        C        D        E       F      G
               +--------+--------+--------+--------+--------+-----+--------+
         Total |    125 |    125 |      0 |      5 |     54 |   4 |   31.2 |
       Dungeon |    125 |    125 |      0 |      5 |     54 |   4 |   31.2 |
               +--------+--------+--------+--------+--------+-----+--------+

Top non-repeatable levels by time:
     D:5: 61 daAuts
     D:6: 38 daAuts
     D:3: 19 daAuts
     D:4: 4 daAuts
